 Dungeon Crawl Stone Soup version 0.21.0-3-g78d12a8 (webtiles) character file.

172 dobroeutro the Slasher (level 5, 0/41 HPs)
             Began as a Demonspawn Fighter on Jan 16, 2018.
             Slain by a river rat (6 damage)
             ... on level 3 of the Dungeon.
             The game lasted 00:03:23 (2079 turns).

dobroeutro the Slasher (Demonspawn Fighter)         Turns: 2079, Time: 00:03:23

Health: 0/41       AC:  6    Str: 17    XL:     5   Next: 27%
Magic:  5/5        EV:  6    Int:  9    God:
Gold:   127        SH:  9    Dex: 13    Spells: 4/4 levels left

rFire    + . .     SeeInvis .   a - +0 long sword
rCold    . . .     Gourm    .   c - +1 shield
rNeg     . . .     Faith    .   b - +0 scale mail
rPois    .         Spirit   .   (helmet restricted)
rElec    .         Reflect  .   (no cloak)
rCorr    .         Harm     .   (no gloves)
MR       .....                  (no boots)
Stlth    ..........             (no amulet)
HPRegen  0.13/turn              (no ring)
MPRegen  0.09/turn              (no ring)

@: berserk cooldown, slowed, very slow
A: antennae 2, fire resistance 1, powered by death 1
a: no special abilities


You were on level 3 of the Dungeon.
You were not hungry.

You visited 1 branch of the dungeon, and saw 3 of its levels.

You collected 127 gold pieces.

Inventory:

Hand Weapons
 a - a +0 long sword (weapon)
Armour
 b - a +0 scale mail (worn)
 c - a +1 shield (worn)
Scrolls
 e - a scroll of remove curse
 h - 3 scrolls of teleportation
Potions
 d - a potion of might
 g - a potion of curing {unknown}
 k - a potion of degeneration
Comestibles
 f - 2 rations
 i - 4 chunks of flesh


   Skills:
 - Level 3.0 Fighting
 + Level 5.1 Long Blades
 - Level 2.6 Armour
 - Level 2.6 Shields


You had 4 spell levels left.
You didn't know any spells.

Dungeon Overview and Level Annotations

Branches:
Dungeon (3/15)

Altars:
Elyvilon
Kikubaaqudgha

Annotations:
D:3 Robin


Innate Abilities, Weirdness & Mutations

You have a pair of antennae on your head.
Your flesh is heat resistant. (rF+)
You regenerate a little health from kills.


Message History

You block the river rat's attack.
You closely miss the river rat.
The river rat is almost dead.
The river rat bites you but does no damage.
A giant cockroach comes into view.
You closely miss the river rat.
The river rat is almost dead.
The river rat closely misses you.
You closely miss the river rat.
The river rat is almost dead.
You block the river rat's attack.
Your shield prevents you from hitting the river rat.
The river rat is almost dead.
You are no longer berserk.
You are exhausted.
You feel yourself slow down. The river rat completely misses you.
You closely miss the river rat.
The river rat is severely wounded.
The river rat bites you.
You die...

#############
##.....#.....##
##.............##
#.......%.......#
#....†..........#
#...............#
#......(.......$#
#......†r@......#
#.........s.....#
##.............##
##.....#........
########.###...
.. .. #.. . ..


You could see a river rat and a giant cockroach.

Vanquished Creatures
  A bullfrog (D:3)
  3 adders (D:2)
  4 worms
  3 dart slugs
  7 orcs (D:3)
  2 giant cockroaches (D:2)
  8 goblins
  6 hobgoblins
  4 jackals (D:3)
  A quokka (D:3)
  A ball python (D:1)
  9 bats
  5 kobolds
  A rat (D:1)
55 creatures vanquished.

Notes
Turn   | Place    | Note
-------+----------+-------------------------------------------
     0 | D:1      | dobroeutro the Demonspawn Fighter began the quest for the Orb.
     0 | D:1      | Reached XP level 1. HP: 18/18 MP: 1/1
    41 | D:1      | Reached skill level 2 in Long Blades
   284 | D:1      | Gained mutation: You regenerate a little health from kills. [demonic ancestry]
   284 | D:1      | Reached XP level 2. HP: 21/24 MP: 2/2
   456 | D:1      | Reached skill level 3 in Long Blades
   829 | D:2      | Gained mutation: You have a pair of small antennae on your head. [demonic ancestry]
   829 | D:2      | Reached XP level 3. HP: 28/29 MP: 3/3
  1394 | D:2      | Gained mutation: You have a pair of antennae on your head. [demonic ancestry]
  1394 | D:2      | Reached XP level 4. HP: 35/35 MP: 4/4
  1413 | D:2      | Reached skill level 4 in Long Blades
  2005 | D:3      | Found a white marble altar of Elyvilon.
  2005 | D:3      | Found an ancient bone altar of Kikubaaqudgha.
  2026 | D:3      | Noticed Robin
  2043 | D:3      | Noticed a bullfrog
  2054 | D:3      | Killed a bullfrog
  2054 | D:3      | Reached skill level 5 in Long Blades
  2054 | D:3      | Gained mutation: Your flesh is heat resistant. (rF+) [demonic ancestry]
  2054 | D:3      | Reached XP level 5. HP: 18/41 MP: 5/5
  2079 | D:3      | Slain by a river rat

Skill      XL: |  1  2  3  4 |
---------------+-------------+-----
Long Blades    | 2 3 5 |  5.1
Fighting       | |  3.0
Armour         | |  2.6
Shields        | |  2.6

Action                   |  1- 3 |  4- 6 || total
-------------------------+-------+-------++-------
Melee: Long sword        |   101 |   113 ||   214
  Use: Scroll            |       |     7 ||     7
       Potion            |       |     1 ||     1
  Eat: Chunk             |     1 |     3 ||     4
Armor: Scale mail        |    54 |    58 ||   112
Dodge: Dodged            |    22 |    40 ||    62
Block: Shield            |    56 |    67 ||   123
       Rpst.: Long sword |     9 |    11 ||    20
